Map: Eternal Empire LE

Players

TLHarstem (Harstem)

  • Race: Protoss Protoss
  • League: Master
  • Spawn Location: 7:00

LiquidClem (Clem) - Winner!

  • Race: Terran Terran
  • League: Grandmaster
  • Spawn Location: 1:00

Event: DreamHack SC2 Masters 2020 Fall

VOD

Have the link to the VOD?

Description

Time

  • Played on: Aug. 26, 2020, 3:05 p.m.
  • Length: 12:38

All games in this series

Show
View Real Time Build Order
Export as new Build Order

TLHarstem Protoss 

Build Orders: 1 Gate Expand, Oracle Opening 

Get SALT Encoding   

  12  0:00  Probe  
  13  0:12  Probe  
  14  0:18  Pylon  
  14  0:24  Probe  
  15  0:36  Probe (Chrono Boost)  
  15  0:37  Gateway  
  16  0:47  Assimilator, Probe (Chrono Boost)  
  17  0:52  Probe (Chrono Boost)  
  18  1:03  Probe  
  19  1:15  Probe  
  20  1:24  Cybernetics Core  
  20  1:33  Nexus  
  20  1:41  Pylon  
  20  1:44  Probe  
  21  1:50  Assimilator  
  21  1:56  Probe  
  21  1:58  Stalker (Chrono Boost)  
  24  2:08  Probe  
  24  2:21  Adept, Probe  
  27  2:29  Stargate  
  27  2:35  Shield Battery  
  27  2:36  Probe  
  28  2:45  Warp Gate  
  28  2:47  Probe  
  28  2:49  Probe (Chrono Boost)  
  30  2:57  Adept  
  32  2:59  Probe (Chrono Boost)  
  34  3:07  Probe (Chrono Boost)  
  34  3:08  Probe (Chrono Boost)  
  35  3:13  Oracle (Chrono Boost), Probe x2 (Chrono Boost)  
  40  3:24  Pylon  
  40  3:25  Probe x2  
  41  3:34  Pylon  
  41  3:37  Probe  
  33  3:41  Probe (Chrono Boost)  
  33  3:49  Probe (Chrono Boost)  
  33  3:53  Probe (Chrono Boost)  
  35  3:59  Probe (Chrono Boost)  
  35  4:00  Probe (Chrono Boost)  
  37  4:04  Probe (Chrono Boost)  
  37  4:08  Probe  
  39  4:12  Shield Battery  
  39  4:15  Probe  
  40  4:18  Phoenix (Chrono Boost)  
  40  4:21  Probe  
  37  4:27  Probe  
  38  4:33  Probe  
  38  4:37  Phoenix (Chrono Boost)  
  39  4:40  Probe  
  42  4:45  Probe  
  42  4:52  Probe  
  44  4:55  Pylon  
  44  4:57  Probe  
  45  5:04  Probe (Chrono Boost)  
  46  5:14  Probe (Chrono Boost)  
  47  5:16  Probe (Chrono Boost)  
  47  5:17  Zealot  
  47  5:19  Assimilator  
  50  5:21  Gateway  
  50  5:23  Assimilator, Probe (Chrono Boost)  
  50  5:25  Probe (Chrono Boost)  
  50  5:27  Robotics Facility  
  52  5:33  Pylon  
  52  5:34  Probe (Chrono Boost)  
  52  5:35  Probe (Chrono Boost)  
  54  5:42  Probe (Chrono Boost)  
  56  5:44  Phoenix, Probe (Chrono Boost)  
  56  5:47  Pylon  
  56  5:48  Probe  
  59  5:54  Probe  
  60  5:58  Adept  
  60  6:00  Probe  
  63  6:06  Probe  
  63  6:11  Nexus  
  66  6:18  Observer (Chrono Boost)  
  66  6:21  Robotics Bay  
  66  6:22  Probe  
  66  6:23  Pylon  
  66  6:24  Sentry  
  66  6:25  Probe  
  69  6:32  Gateway  
  69  6:34  Probe  
  69  6:37  Forge  
  69  6:38  Probe  
  71  6:40  Observer  
  71  6:46  Probe  
  73  6:51  Probe  
  73  6:53  Pylon  
  74  6:57  Stalker x2  
  78  7:02  Probe  
  78  7:05  Colossus (Chrono Boost)  
  77  7:10  Probe  
  77  7:11  Shield Battery  
  77  7:14  Probe  
  85  7:22  Probe, Photon Cannon  
  86  7:26  Sentry, Stalker  
  86  7:28  Probe  
  86  7:29  Protoss Ground Weapons Level 1 (Chrono Boost)  
  91  7:41  Stalker  
  91  7:44  Colossus  
  97  7:52  Stalker x2  
  97  7:55  Probe  
  96  8:11  Zealot, Probe  
  95  8:13  Phoenix (Chrono Boost)  
  95  8:15  Probe  
  98  8:20  Gateway, Photon Cannon  
  98  8:21  Stalker, Gateway, Pylon  
  98  8:22  Sentry, Gateway  
  98  8:23  Photon Cannon  
  102  8:29  Assimilator, Phoenix  
  102  8:31  Pylon  
  104  8:36  Colossus (Chrono Boost)  
  104  8:38  Zealot  
  112  8:44  Shield Battery  
  112  8:45  Probe  
  112  8:48  Assimilator, Probe x2  
  115  8:50  Extended Thermal Lance (Chrono Boost)  
  115  8:52  Pylon  
  115  9:00  Zealot  
  115  9:01  Zealot, Stalker  
  122  9:08  Twilight Council, Pylon  
  121  9:18  Photon Cannon  
  116  9:24  Protoss Ground Armor Level 1 (Chrono Boost)  
  116  9:27  Observer  
  116  9:29  Stalker x4  
  124  9:33  Probe  
  124  9:34  Probe  
  124  9:37  Probe  
  127  9:42  Phoenix  
  127  9:45  Probe, Charge (Chrono Boost)  
  129  9:46  Probe  
  129  9:52  Probe  
  132  9:58  Probe  
  132  9:59  Probe  
  134  10:00  Observer  
  134  10:01  Nexus  
  134  10:04  Zealot x2, Pylon  
  134  10:05  Warp Prism (Chrono Boost)  
  134  10:06  Observer  
  138  10:13  Pylon  
  138  10:20  Templar Archives  
  138  10:24  Zealot x3  
  138  10:27  Shield Battery  
  144  10:30  Zealot  
  144  10:34  Phoenix  
  145  10:43  Zealot x2  
  149  10:55  Zealot  
  149  10:56  Zealot x3  
  152  11:00  Probe  
  152  11:01  Disruptor (Chrono Boost)  
  152  11:03  Pylon  
  156  11:05  Pylon  
  156  11:07  Pylon  
  156  11:11  Pylon  
  156  11:13  High Templar x2  
  156  11:15  Pylon  
  154  11:19  Archon  
  154  11:24  Zealot x4  
  146  11:34  Disruptor (Chrono Boost)  
  146  11:38  Probe x3  
  150  11:40  Shield Battery  
  150  11:44  Probe  
  150  11:46  Zealot x5  
  135  11:52  Probe  
  116  12:01  Zealot, Probe  
  113  12:02  Pylon, Probe  
  113  12:07  Zealot x4  
  109  12:13  Stalker x2  
  99  12:18  Pylon  
  81  12:30  Stalker x2  
  81  12:32  Sentry x2  
Show
View Real Time Build Order
Export as new Build Order

LiquidClem Terran - Winner!

Build Orders: 1/1/1 

Get SALT Encoding   

  12  0:00  SCV  
  13  0:12  SCV  
  14  0:17  Supply Depot  
  14  0:24  SCV  
  15  0:39  Barracks, SCV  
  16  0:45  Refinery  
  16  0:51  SCV  
  16  0:55  Refinery  
  17  1:04  SCV  
  18  1:16  SCV  
  19  1:26  Marine  
  19  1:29  Orbital Command  
  20  1:34  Factory  
  20  1:46  Supply Depot  
  20  1:47  Barracks Reactor  
  20  1:55  SCV  
  21  2:07  SCV  
  22  2:18  Starport  
  22  2:20  SCV  
  23  2:27  Hellion x2, Supply Depot  
  27  2:32  SCV  
  28  2:44  SCV  
  28  2:48  Hellion  
  28  2:49  Hellion  
  33  2:55  Medivac  
  35  2:59  Armory  
  35  3:04  Supply Depot  
  35  3:08  SCV  
  35  3:11  Widow Mine  
  38  3:22  Barracks Reactor  
  38  3:25  Widow Mine  
  40  3:32  Widow Mine  
  40  3:34  Viking  
  40  3:53  SCV  
  37  4:00  Marine  
  37  4:02  Marine  
  39  4:03  Command Center  
  39  4:06  Bunker  
  39  4:15  Viking  
  41  4:17  SCV  
  37  4:28  Marine x2  
  37  4:29  Barracks  
  39  4:34  SCV  
  40  4:41  Supply Depot  
  40  4:43  Factory Tech Lab  
  40  4:46  Marine x2  
  40  4:52  SCV  
  39  4:56  Starport Tech Lab  
  39  4:59  Barracks  
  39  5:04  Marine x2  
  39  5:05  SCV  
  40  5:16  Factory Reactor  
  40  5:18  SCV  
  40  5:20  Starport Reactor  
  41  5:25  Stimpack  
  41  5:27  Orbital Command  
  41  5:31  SCV  
  41  5:32  Marine  
  41  5:33  Marine  
  44  5:39  Engineering Bay  
  44  5:43  SCV  
  44  5:47  Marine  
  46  5:50  Marine  
  46  5:51  Marine  
  46  5:52  SCV  
  46  5:55  SCV  
  50  5:57  Marine  
  50  5:58  Combat Shield  
  51  6:04  SCV  
  51  6:05  Terran Infantry Weapons Level 1  
  51  6:06  Marine  
  51  6:07  SCV  
  51  6:08  Marine  
  55  6:12  Medivac  
  55  6:14  Medivac  
  55  6:16  SCV  
  60  6:19  SCV  
  60  6:21  Supply Depot  
  60  6:23  Marine  
  62  6:26  Marauder  
  62  6:27  Widow Mine  
  62  6:31  Widow Mine  
  62  6:32  SCV  
  69  6:33  SCV  
  69  6:39  Refinery  
  70  6:40  Supply Depot  
  70  6:43  Marauder, Marine x2  
  70  6:47  SCV  
  75  6:48  SCV  
  75  6:52  Widow Mine  
  78  6:57  Supply Depot  
  78  7:02  Medivac x2, Marauder, Widow Mine  
  78  7:05  Supply Depot  
  78  7:08  Refinery  
  86  7:15  SCV  
  86  7:19  Marauder, SCV, Marine x2  
  91  7:27  SCV  
  92  7:30  Command Center  
  92  7:31  SCV  
  92  7:35  Marauder  
  95  7:39  Marine x2  
  95  7:40  SCV  
  95  7:43  SCV  
  99  7:46  Widow Mine  
  99  7:48  Widow Mine  
  99  7:55  Supply Depot  
  99  7:56  Marine  
  99  7:58  Marauder  
  100  7:59  Marine x2  
  100  8:00  Barracks  
  100  8:01  Barracks  
  95  8:06  SCV  
  95  8:08  SCV  
  93  8:14  Marauder  
  93  8:17  Terran Infantry Armor Level 1  
  93  8:19  Starport, SCV  
  96  8:20  Marauder, SCV  
  96  8:21  Marine x2  
  101  8:31  SCV  
  101  8:33  Viking  
  104  8:35  Medivac  
  104  8:36  SCV, Marauder  
  107  8:41  Orbital Command  
  107  8:44  SCV  
  107  8:47  Marine x2  
  107  8:48  SCV  
  111  8:50  Barracks Tech Lab, Barracks Reactor  
  111  8:55  Marauder  
  113  8:56  SCV  
  113  9:00  SCV  
  113  9:02  Viking, Supply Depot  
  117  9:03  Viking  
  117  9:08  Viking, SCV  
  122  9:12  Viking, Supply Depot  
  122  9:15  SCV  
  125  9:22  Marine  
  125  9:23  SCV, Marine  
  125  9:24  Marauder x3  
  132  9:29  Marine x2  
  132  9:30  SCV x2  
  133  9:31  Refinery  
  133  9:32  Refinery  
  133  9:33  Supply Depot  
  133  9:34  Medivac  
  135  9:42  Ghost Academy  
  135  9:44  Command Center  
  135  9:45  Marauder  
  137  9:48  Supply Depot  
  137  9:50  Marine  
  137  9:51  Marine x3  
  139  9:55  Marauder x2  
  139  9:59  Viking  
  145  10:01  Supply Depot  
  145  10:06  Viking  
  147  10:08  Missile Turret  
  147  10:10  Viking  
  149  10:16  Ghost x2  
  149  10:19  Terran Infantry Weapons Level 2  
  153  10:23  Marine  
  153  10:24  Marine x3  
  157  10:29  Ghost  
  157  10:39  Supply Depot  
  157  10:44  Supply Depot  
  157  10:45  Marauder x2, Supply Depot  
  157  10:48  Viking, Marine  
  157  10:49  Marine  
  163  10:56  Marine x2  
  159  10:58  Ghost, Concussive Shells  
  161  11:04  SCV  
  161  11:05  SCV  
  161  11:07  Marauder x2  
  161  11:11  Marine x2  
  167  11:18  Viking  
  167  11:19  Marine x2  
  167  11:25  Medivac  
  169  11:27  Marauder  
  169  11:28  Marauder x2  
  169  11:29  Marine  
  176  11:35  Missile Turret  
  176  11:36  Planetary Fortress  
  176  11:38  Marine x2  
  174  11:44  Marine  
  174  11:47  Marine  
  147  11:49  Ghost, Marauder x2  
  147  11:53  Viking  
  139  11:58  Viking  
  135  12:01  Marine  
  135  12:05  Marine  
  128  12:09  Marine x2  
  128  12:10  Marauder  
  128  12:11  Marauder  
  125  12:25  SCV  
  125  12:26  Unknown  
  125  12:29  Command Center  

Tags
 
Add a new tag
Caveats
  • Supply blocks, unpowered buildings, or Contaminate may cause inaccurate times.
  • Supply counts are checked every 10 seconds.